 Dungeon Crawl Stone Soup version 0.24.0-37-gcf1ca852f1 (webtiles) character file.

Game seed: 13764433911130394361, levelgen mode: deterministic

7151 Flugslaktarn the Cleaver (level 10, -1/94 HPs)
             Began as a Minotaur Fighter on Nov 29, 2019.
             Was a Believer of Makhleb.
             Slain by a two-headed ogre
             ... wielding a +0 giant club
              (19 damage)
             ... on level 10 of the Dungeon.
             The game lasted 00:03:21 (7726 turns).

Flugslaktarn the Cleaver (Minotaur Fighter)         Turns: 7726, Time: 00:03:22

Health: -1/94      AC: 16    Str: 23    XL:     10   Next: 86%
Magic:  9/9        EV:  5    Int:  5    God:    Makhleb [**....]
Gold:   530        SH: 10    Dex: 11    Spells: 9/9 levels left

rFire    . . .     SeeInvis .   q - +2 war axe (holy)
rCold    . . .     Gourm    .   c - +0 shield
rNeg     . . .     Faith    .   o - +0 plate armour
rPois    .         Spirit   .   (helmet restricted)
rElec    .         Reflect  .   (no cloak)
rCorr    .         Harm     .   (no gloves)
MR       .....                  p - +0 pair of boots
Stlth    ..........             (no amulet)
HPRegen  0.25/turn              (no ring)
MPRegen  0.11/turn              (no ring)

@: no status effects
A: retaliatory headbutt, horns 2
a: Minor Destruction, Renounce Religion


You were on level 10 of the Dungeon.
You worshipped Makhleb.
Makhleb was pleased with you.
You were not hungry.

You visited 2 branches of the dungeon, and saw 11 of its levels.

You collected 531 gold pieces.
You spent 1 gold pieces at shops.

Inventory:

Hand Weapons
 a - a +0 war axe
 q - a +2 war axe of holy wrath (weapon)
   (You found it on level 4 of the Dungeon)
 x - a +0 hand axe of distortion
   (You found it on level 5 of the Dungeon)
 B - a -2 executioner's axe
   (You bought it in a shop on level 6 of the Dungeon)
Armour
 c - a +0 shield (worn)
 o - a +0 plate armour (worn)
   (You found it on level 3 of the Dungeon)
 p - a +0 pair of boots (worn)
   (You found it on level 4 of the Dungeon)
Jewellery
 v - a cursed -2 ring of evasion {unknown}
   (You found it on level 5 of the Dungeon)
 y - an uncursed amulet of magic regeneration
   (You took it off an orc wizard on level 5 of the Dungeon)
 C - a +4 ring of slaying {unknown}
   (You found it on level 7 of the Dungeon)
Wands
 w - a wand of clouds (7)
   (You found it on level 5 of the Dungeon)
 A - a wand of iceblast (7)
   (You found it on level 6 of the Dungeon)
 J - a wand of acid (16)
   (You found it on level 8 of the Dungeon)
Scrolls
 f - 6 scrolls of teleportation {unknown}
 g - a scroll of fear {unknown}
 h - 2 scrolls of fog {unknown}
 j - 2 scrolls of noise {unknown}
 l - a scroll of immolation {unknown}
 n - 9 scrolls of identify {unknown}
 r - 6 scrolls of remove curse {unknown}
 D - 3 scrolls of enchant weapon {unknown}
 H - a scroll of random uselessness {unknown}
 L - a scroll of blinking {unknown}
 M - a scroll of magic mapping {unknown}
Potions
 b - a potion of magic {unknown}
 d - a potion of might
 i - a potion of invisibility {unknown}
 k - 3 potions of heal wounds {unknown}
 m - 5 potions of curing
 s - 2 potions of berserk rage
 t - 4 potions of resistance {unknown}
 u - a potion of lignification {unknown}
 z - a potion of agility {unknown}
 E - 2 potions of brilliance {unknown}
 F - a potion of flight {unknown}
 G - a potion of degeneration {unknown}
 I - a potion of mutation {unknown}
 N - a potion of haste {unknown}
Comestibles
 e - 19 rations
 K - 17 chunks of flesh


   Skills:
 + Level 10.3 Fighting
 * Level 13.3 Axes
 + Level 10.3 Armour
 - Level 6.4 Shields


You had 9 spell levels left.
You didn't know any spells.
Your spell library was empty.

Dungeon Overview and Level Annotations

Branches:
Dungeon (10/15)            Temple (1/1) D:7             Orc (0/2) D:10
   Lair: D:8-11

Altars:
Ashenzari
Cheibriados
Dithmenos
Elyvilon
Fedhas
Hepliaklqana
Kikubaaqudgha
Makhleb
Nemelex Xobeh
Okawaru
Qazlal
Sif Muna
Trog
Uskayaw
Wu Jian
Yredelemnul

Shops:
D:6 *


Innate Abilities, Weirdness & Mutations

You reflexively headbutt those who attack you in melee.
You have a pair of horns on your head.


Message History

You are too injured to fight recklessly!
You are too injured to fight recklessly!
You are too injured to fight recklessly!
You are too injured to fight recklessly!
You are too injured to fight recklessly!
Unknown command.
You completely miss the two-headed ogre.
The two-headed ogre is severely wounded.
You slash the two-headed ogre!
Your headbutt misses the two-headed ogre.
The two-headed ogre is almost dead.
The two-headed ogre hits you with a +0 giant club!
* * * LOW HITPOINT WARNING * * *
The two-headed ogre hits you but does no damage.
Unknown command.
You hit the two-headed ogre but do no damage.
The two-headed ogre is almost dead.
You block the two-headed ogre's attack.
The two-headed ogre hits you with a +0 giant club!!
You die...

#...# #.########## #.#.#
#...# . ..%. ..# #.##.
#...# ## #.#####.# #.###
##.## ##.......####<...
#.# .....##...###### ..#
# #.##.#.....##### #..
##.####.##............
.#.
.##.....(..........#####
#.....O@#.#####...##
##....[)#.......###
##.....######### #.....#
###.### .. .#. #.#)


You could see a two-headed ogre.

Vanquished Creatures
  2 two-headed ogres
  Joseph (D:9)
  A centaur skeleton (D:10)
  Grinder (D:6)
  A hippogriff (D:8)
  A wraith (D:10)
  Sigmund (D:6)
  5 yaks (D:10)
  Edmund (D:6)
  2 water moccasins
  A black bear (D:9)
  4 orc warriors
  2 sky beasts (D:9)
  3 ice beasts (D:9)
  3 phantoms
  3 ogres
  2 necrophages
  A centaur (D:6)
  A crocodile (D:10)
  A big kobold (D:10)
  3 bullfrogs
  A scorpion (D:8)
  5 killer bees (D:7)
  3 wights (D:8)
  2 howler monkeys
  4 crimson imps
  A bullfrog zombie (D:8)
  A jelly (D:7)
  4 hounds
  3 orc priests
  3 orc wizards
  A gnoll shaman (D:9)
  Jessica (D:2)
  2 iguanas
  6 worker ants
  3 hound zombies
  A howler monkey skeleton (D:9)
  5 gnolls (D:9)
  12 adders
  2 shadow imps
  An ooze (D:2)
  An adder skeleton (D:4)
  A dart slug (D:1)
  7 leopard geckos
  37 orcs
  5 giant cockroaches
  2 goblins
  4 hobgoblins
  13 jackals
  4 quokkas
  A ball python (D:4)
  6 bats
  2 frilled lizards
  13 kobolds
  A quokka skeleton (D:4)
  6 rats
204 creatures vanquished.

Notes
Turn   | Place    | Note
-------+----------+-------------------------------------------
     0 | D:1      | Flugslaktarn the Minotaur Fighter began the quest for the
                  | Orb.
     0 | D:1      | Reached XP level 1. HP: 19/19 MP: 0/0
   301 | D:1      | Reached XP level 2. HP: 27/27 MP: 1/1
   308 | D:1      | Reached skill level 3 in Axes
   451 | D:2      | Reached XP level 3. HP: 33/33 MP: 2/2
   627 | D:2      | Noticed Jessica
   630 | D:2      | Killed Jessica
   630 | D:2      | Reached XP level 4. HP: 40/40 MP: 3/3
   758 | D:2      | Reached skill level 4 in Axes
   991 | D:3      | Reached XP level 5. HP: 26/47 MP: 4/4
  1852 | D:5      | Entered Level 5 of the Dungeon
  1873 | D:5      | Reached skill level 5 in Axes
  1996 | D:5      | Reached XP level 6. HP: 53/55 MP: 5/5
  2013 | D:5      | Reached skill level 5 in Fighting
  2013 | D:5      | Reached skill level 5 in Armour
  2013 | D:5      | Reached skill level 5 in Shields
  2181 | D:5      | Reached skill level 6 in Axes
  2184 | D:5      | Reached XP level 7. HP: 59/61 MP: 6/6
  2455 | D:6      | Noticed Edmund
  2470 | D:6      | Killed Edmund
  2608 | D:6      | Noticed Grinder
  2619 | D:6      | Killed Grinder
  2619 | D:6      | Reached skill level 7 in Axes
  2632 | D:6      | Reached XP level 8. HP: 60/70 MP: 7/7
  2785 | D:6      | Found Holuef's Lightly-Used Armoury.
  2790 | D:6      | Reached skill level 8 in Axes
  2799 | D:6      | Bought a -2 executioner's axe for 1 gold piece
  2879 | D:6      | Noticed Sigmund
  2900 | D:6      | Killed Sigmund
  3645 | D:7      | Reached skill level 9 in Axes
  3667 | D:7      | Found an iron altar of Okawaru.
  4007 | D:7      | Reached XP level 9. HP: 58/79 MP: 8/8
  4361 | D:7      | Found a staircase to the Ecumenical Temple.
  4378 | Temple   | Entered the Ecumenical Temple
  4683 | Temple   | Became a worshipper of Makhleb the Destroyer
  4922 | D:8      | Reached skill level 10 in Axes
  5301 | D:8      | Noticed a two-headed ogre
  5306 | D:8      | Killed a two-headed ogre
  5306 | D:8      | Reached skill level 11 in Axes
  5971 | D:9      | Found a white marble altar of Elyvilon.
  5999 | D:9      | Reached * piety under Makhleb
  6021 | D:9      | Identified the +4 ring mail of Circular Logic {rC+}
  6209 | D:9      | Noticed a two-headed ogre
  6221 | D:9      | Killed a two-headed ogre
  6221 | D:9      | Reached skill level 12 in Axes
  6221 | D:9      | Reached XP level 10. HP: 31/91 MP: 9/9
  6581 | D:9      | Noticed Joseph
  6603 | D:9      | Killed Joseph
  7354 | D:10     | Entered Level 10 of the Dungeon
  7436 | D:10     | Reached ** piety under Makhleb
  7456 | D:10     | Found a staircase to the Orcish Mines.
  7466 | D:10     | Reached skill level 10 in Fighting
  7472 | D:10     | Reached skill level 10 in Armour
  7589 | D:10     | Reached skill level 13 in Axes
  7707 | D:10     | Noticed a two-headed ogre
  7726 | D:10     | Slain by a two-headed ogre

Levels and vault maps discovered:
D:1:      evilmike_arrival_crescent, layout_basic
D:2:      layout_loops_cross, minmay_heptomino_o4, uniq_jessica
D:3:      layout_basic, first_ration
D:4:      minmay_wonky_spiral, layout_basic
D:5:      layout_basic
D:6:      layout_loops_cross, minmay_shop_damaged,
          chequers_serial_rivers_room_a, uniq_sigmund, uniq_edmund, uniq_grinder
D:7:      layout_loops_cross, lemuel_coloured_pillars_altar,
          minmay_temple_entry_hall
D:8:      layout_basic
D:9:      layout_basic, elyvilon_altar_5, uniq_joseph
D:10:     layout_loops_cross, david_orc_2, ebering_ghost_gozag
Temple:   regret_index_temple_chain_breaker

Skill      XL: |  1  2  3  4  5  6  7  8  9 10 |
---------------+-------------------------------+-----
Axes           | 3 4 5 6 7 9 12 13 | 13.3
Fighting       | 4 5 6 7 9 10 | 10.3
Armour         | 4 5 6 7 9 10 | 10.3
Shields        | 4 5 6 |  6.4

Action                   |  1- 3 |  4- 6 |  7- 9 | 10-12 || total
-------------------------+-------+-------+-------+-------++-------
Melee: War axe           |    57 |   168 |   249 |   146 ||   620
       Headbutt          |     5 |    19 |    45 |    25 ||    94
  Eat: Chunk             |       |     5 |     9 |     5 ||    19
       Ration            |       |       |     1 |       ||     1
Armor: Chain mail        |    32 |    16 |       |       ||    48
       Scale mail        |     1 |       |       |       ||     1
       Plate armour      |       |    99 |   122 |    66 ||   287
Dodge: Dodged            |    18 |    49 |    47 |    19 ||   133
Block: Shield            |    28 |    88 |   115 |    65 ||   296
